General information
- name: grudge03
- type: Custom game
- host: fineX.
- saver: fineX.
map: TurtleRock
- players: 3
- length: 49:25
- speed: Fast
- version: 1.21 W3XP
- replay type: Public
» download(213 KB)
Players
team 1 (loser)
fineX. (
blue | 71 APM | 3516 actions | 49:25)
7 Blademaster
3 Wind Walk
3 Critical Strike
1 Bladestorm
» actions
| Assign group hotkey | 131 | |
| Basic commands | 6 | |
| Build / train | 126 | |
| Enter build submenu | 79 | |
| Enter hero's abilities submenu | 7 | |
| Give item / drop item | 14 | |
| Right click | 1847 | |
| Select / deselect | 390 | |
| Select group hotkey | 669 | |
| Use ability | 247 | |
3516 total
» units
| Peon | 38 | |
| Troll Batrider | 19 | |
| Troll Witch Doctor | 2 | |
| Raider | 6 | |
| Tauren | 2 | |
67 total
» upgrades
| Ranged Weapons | 2 | |
| Liquid Fire | 1 | |
| Spirit Walker Training | 2 | |
| Ensnare | 1 | |
| Melee Weapons | 3 | |
| Pillage | 1 | |
| Armor | 1 | |
| Backpack | 1 | |
| Pulverize | 1 | |
13 total
» buildings
| Orc Burrow | 6 | |
| Altar of Storms | 1 | |
| War Mill | 3 | |
| Watch Tower | 40 | |
| Stronghold | 1 | |
| Voodoo Lounge | 7 | |
| Beastiary | 2 | |
| Fortress | 1 | |
| Great Hall | 6 | |
| Spirit Lodge | 1 | |
| Tauren Totem | 1 | |
69 total
» build order
00:04 Orc Burrow
00:07 Altar of Storms
00:39 War Mill
01:53 Watch Tower
02:12 Watch Tower
03:00 Watch Tower
03:07 Watch Tower
03:40 Watch Tower
03:54 Stronghold
04:02 Voodoo Lounge
04:15 Watch Tower
04:33 Watch Tower
05:08 Watch Tower
05:11 Watch Tower
05:32 Orc Burrow
05:52 Orc Burrow
06:00 Orc Burrow
06:19 Watch Tower
06:24 Beastiary
06:55 Watch Tower
07:28 Beastiary
08:05 Fortress
08:40 Watch Tower
09:45 Watch Tower
15:25 Great Hall
15:46 Watch Tower
16:10 Orc Burrow
16:11 Orc Burrow
19:51 Great Hall
19:53 Watch Tower
19:54 Watch Tower
19:56 Watch Tower
19:57 Watch Tower
20:39 Spirit Lodge
23:52 Great Hall
23:58 Watch Tower
23:59 Watch Tower
24:00 Watch Tower
24:01 Watch Tower
25:16 Watch Tower
25:17 Watch Tower
25:17 Watch Tower
25:19 Watch Tower
28:47 Great Hall
28:49 Watch Tower
28:50 Watch Tower
28:51 Watch Tower
29:06 Watch Tower
29:58 Watch Tower
29:59 Watch Tower
30:00 Watch Tower
30:15 Watch Tower
30:32 Watch Tower
31:46 Watch Tower
33:22 Watch Tower
36:07 Great Hall
37:58 War Mill
38:28 Watch Tower
39:28 Watch Tower
39:36 Watch Tower
41:17 Tauren Totem
41:56 Great Hall
42:53 Voodoo Lounge
43:08 Voodoo Lounge
43:13 Voodoo Lounge
43:15 Voodoo Lounge
43:19 Voodoo Lounge
43:24 Voodoo Lounge
43:51 War Mill
» items
| Healing Salve | 4 | |
| Lesser Clarity Potion | 9 | |
| Scroll of Speed | 2 | |
| Boots of Speed | 1 | |
| Staff of Teleportation | 1 | |
| Potion of Mana | 5 | |
| Orb of Lightning | 6 | |
| Potion of Healing | 5 | |
| Scroll of Healing | 1 | |
| Potion of Lesser Invulnerability | 2 | |
36 total
team 2 (winner)

»
erz (
teal | 158 APM | 7717 actions | 48:54)
8 Death Knight
3 Death Coil
3 Unholy Aura
1 Death Pact
1 Animate Dead
8 Lich
3 Frost Nova
2 Frost Armor
1 Death and Decay
2 Dark Ritual
» actions
| Assign group hotkey | 2596 | |
| Basic commands | 144 | |
| Build / train | 122 | |
| ESC pressed | 3 | |
| Enter build submenu | 30 | |
| Enter hero's abilities submenu | 16 | |
| Give item / drop item | 11 | |
| Right click | 2901 | |
| Select / deselect | 425 | |
| Select group hotkey | 1125 | |
| Use ability | 344 | |
7717 total
» units
| Acolyte | 21 | |
| Ghoul | 5 | |
| Crypt Fiend | 6 | |
| Obsidian Statue | 6 | |
| Frost Wyrm | 9 | |
| Meatwagon | 1 | |
48 total
» upgrades
| Destroyer Form | 1 | |
| Burrow | 1 | |
| Web | 1 | |
| Creature Attack | 3 | |
| Creature Carapace | 4 | |
| Freezing Breath | 1 | |
11 total
» buildings
| Crypt | 1 | |
| Altar of Darkness | 1 | |
| Ziggurat | 27 | |
| Tomb of Relics | 1 | |
| Graveyard | 1 | |
| Nerubian Tower | 6 | |
| Halls of the Dead | 7 | |
| Black Citadel | 1 | |
| Slaughterhouse | 2 | |
| Sacrificial Pit | 1 | |
| Boneyard | 1 | |
| Spirit Tower | 5 | |
| Necropolis | 1 | |
55 total
» build order
00:05 Crypt
00:07 Altar of Darkness
00:33 Ziggurat
00:46 Tomb of Relics
01:30 Graveyard
01:51 Ziggurat
02:12 Nerubian Tower
02:13 Nerubian Tower
03:44 Halls of the Dead
03:45 Halls of the Dead
03:45 Halls of the Dead
03:45 Halls of the Dead
04:12 Ziggurat
05:48 Nerubian Tower
06:08 Black Citadel
06:14 Slaughterhouse
07:33 Ziggurat
07:54 Sacrificial Pit
09:01 Boneyard
10:25 Spirit Tower
10:57 Necropolis
13:05 Ziggurat
13:05 Ziggurat
13:07 Ziggurat
14:54 Spirit Tower
20:08 Nerubian Tower
23:46 Slaughterhouse
24:25 Ziggurat
24:25 Ziggurat
24:27 Ziggurat
24:27 Ziggurat
24:29 Ziggurat
25:03 Ziggurat
25:08 Ziggurat
25:09 Ziggurat
25:11 Ziggurat
25:12 Ziggurat
25:13 Ziggurat
30:18 Ziggurat
30:20 Ziggurat
31:16 Spirit Tower
31:18 Nerubian Tower
31:44 Ziggurat
31:47 Ziggurat
32:44 Spirit Tower
33:04 Ziggurat
33:05 Ziggurat
33:09 Ziggurat
33:10 Ziggurat
33:11 Ziggurat
34:03 Spirit Tower
» items
| Rod of Necromancy | 6 | |
| Dust of Appearance | 1 | |
| Scroll of Town Portal | 5 | |
| Potion of Healing | 4 | |
| Potion of Lesser Invulnerability | 3 | |
| Potion of Mana | 5 | |
| Orb of Corruption | 2 | |
26 total
team 3 (loser)

»
OMGGOONRUSH (
red | 52 APM | 2546 actions | 49:25)
6 Mountain King
3 Storm Bolt
2 Bash
1 Avatar
3 Paladin
2 Holy Light
1 Devotion Aura
» actions
| Assign group hotkey | 93 | |
| Basic commands | 25 | |
| Build / train | 109 | |
| ESC pressed | 1 | |
| Enter build submenu | 35 | |
| Enter hero's abilities submenu | 10 | |
| Give item / drop item | 2 | |
| Remove unit from queue | 2 | |
| Right click | 1209 | |
| Select / deselect | 680 | |
| Select group hotkey | 184 | |
| Use ability | 196 | |
2546 total
» units
| Peasant | 23 | |
| Gryphon Rider | 6 | |
| Priest | 13 | |
| Knight | 10 | |
| Dragonhawk Rider | 4 | |
56 total
» upgrades
| Masonry | 3 | |
| Storm Hammers | 1 | |
| Animal War Training | 1 | |
| Magic Sentry | 1 | |
| Priest Training | 2 | |
| Plating | 3 | |
| Lumber Harvesting | 1 | |
12 total
» buildings
| Altar of Kings | 1 | |
| Lumber Mill | 1 | |
| Farm | 17 | |
| Scout Tower | 50 | |
| Arcane Vault | 1 | |
| Arcane Tower | 2 | |
| Guard Tower | 17 | |
| Keep | 1 | |
| Castle | 1 | |
| Gryphon Aviary | 2 | |
| Arcane Sanctum | 1 | |
| Barracks | 2 | |
| Blacksmith | 1 | |
| Town Hall | 3 | |
100 total
» build order
00:09 Altar of Kings
00:15 Lumber Mill
00:26 Farm
00:41 Scout Tower
01:14 Farm
01:44 Arcane Vault
01:48 Scout Tower
01:50 Arcane Tower
02:22 Guard Tower
02:24 Scout Tower
02:27 Scout Tower
02:59 Scout Tower
03:02 Guard Tower
03:22 Guard Tower
04:10 Guard Tower
04:12 Keep
04:37 Scout Tower
04:38 Scout Tower
04:38 Scout Tower
05:23 Farm
05:26 Farm
05:27 Farm
05:34 Guard Tower
06:02 Guard Tower
06:24 Guard Tower
06:41 Castle
06:47 Gryphon Aviary
07:34 Gryphon Aviary
07:40 Arcane Sanctum
07:48 Farm
07:50 Farm
08:24 Barracks
10:27 Blacksmith
10:57 Farm
11:00 Farm
14:35 Town Hall
14:45 Scout Tower
14:47 Scout Tower
14:48 Scout Tower
14:50 Scout Tower
14:52 Scout Tower
14:54 Scout Tower
14:57 Scout Tower
15:40 Guard Tower
15:41 Arcane Tower
15:56 Scout Tower
15:58 Scout Tower
15:59 Scout Tower
16:00 Scout Tower
16:01 Scout Tower
17:55 Guard Tower
19:31 Scout Tower
19:32 Scout Tower
19:33 Scout Tower
19:35 Scout Tower
19:36 Scout Tower
19:37 Scout Tower
19:39 Scout Tower
19:39 Scout Tower
20:13 Barracks
23:17 Guard Tower
28:10 Guard Tower
32:14 Farm
32:36 Farm
32:38 Farm
32:39 Farm
32:40 Farm
32:42 Farm
32:43 Farm
32:43 Farm
33:48 Town Hall
37:41 Scout Tower
37:42 Scout Tower
37:43 Scout Tower
37:45 Scout Tower
37:46 Scout Tower
37:53 Scout Tower
37:55 Scout Tower
38:39 Guard Tower
38:46 Guard Tower
39:53 Guard Tower
43:41 Town Hall
43:54 Scout Tower
43:55 Scout Tower
43:55 Scout Tower
43:56 Scout Tower
43:57 Scout Tower
43:57 Scout Tower
43:58 Scout Tower
43:59 Scout Tower
44:00 Scout Tower
44:02 Scout Tower
44:03 Scout Tower
44:04 Scout Tower
44:30 Guard Tower
45:09 Guard Tower
46:10 Scout Tower
46:12 Scout Tower
46:15 Scout Tower
46:44 Guard Tower
» items
| Staff of Teleportation | 1 | |
| Boots of Speed | 1 | |
| Lesser Clarity Potion | 1 | |
| Scroll of Town Portal | 1 | |
| Potion of Mana | 2 | |
| Scroll of Regeneration | 1 | |
7 total
Chat log
(00:14 / All) fineX.: gg gl hf manner game
(00:16 / All) fineX.: what races u guys
(00:25 / All) erz: the best race
(00:29 / All) OMGGOONRUSH: random
(00:31 / All) fineX.: no
(00:34 / All) fineX.: what race did u get
(00:49 / All) OMGGOONRUSH: undead orcs
(00:54 / All) fineX.: fuck
(00:55 / All) fineX.: gg me
(00:59 / All) OMGGOONRUSH: furry humans
(01:20 / All) erz: so i was playing horrible in g1 right
(01:25 / All) erz: until i towered him for my freewin
(02:02 / All) erz: fine dont talk
(02:07 / All) OMGGOONRUSH: talk?
(02:08 / All) fineX.: yes
(02:23 / All) fineX.: u guys like black ppl?
(02:26 / All) erz: if thers a blademaster im gonna be angry
(02:29 / All) fineX.: welp
(02:45 / All) fineX.: there is a blademaster
(03:16 / All) fineX.: copier
(03:23 / All) fineX.: no
(03:25 / All) fineX.: I just killed his pes
(03:35 / 6) fineX.: hey lets totally team him
(03:48 / 6) fineX.: ok
(03:49 / 6) fineX.: ?
(03:58 / All) OMGGOONRUSH: sob
(04:03 / Specific player) OMGGOONRUSH: k
(04:10 / 6) fineX.: k im towering too
(06:10 / 6) fineX.: DONT BS ME OR I WILL KILL YOU
(06:15 / All) fineX.: nr 20
(06:16 / Specific player) OMGGOONRUSH: k
(06:27 / All) fineX.: ok
(06:28 / All) fineX.: nr 20
(06:31 / All) erz: what
(06:36 / All) fineX.: no rush 20 mins
(06:40 / All) erz: no fuck that
(06:46 / All) fineX.: NR 20
(06:51 / All) fineX.: hakr
(07:17 / All) fineX.: hi erz
(08:17 / All) fineX.: fuck u
(08:50 / 6) fineX.: hes creepin bot left expo
(09:07 / Specific player) OMGGOONRUSH: the red
(09:09 / Specific player) OMGGOONRUSH: ?
(09:11 / 6) fineX.: hes don it
(09:13 / 6) fineX.: weak dk
(09:17 / 6) fineX.: 126 hp
(10:21 / All) erz: are you towering too finex
(10:24 / All) fineX.: no
(10:26 / All) fineX.: teching
(12:53 / All) fineX.: ok i lied im towering
(14:29 / All) fineX.: fag
(14:48 / 6) fineX.: he got frosties
(16:45 / 6) fineX.: and wagons
(17:41 / All) erz: rofl
(17:43 / 6) fineX.: tried to get last hit on u
(17:46 / 6) fineX.: BUT FAILED
(17:56 / All) fineX.: ur a nigger u know that
(20:21 / All) fineX.: shade nigger
(21:01 / All) fineX.: fucking shade nigger
(21:34 / 6) fineX.: yo u got army?
(23:34 / 6) fineX.: did u reveal the expo next to me
(23:39 / Specific player) OMGGOONRUSH: yeah
(23:42 / 6) fineX.: ok im taking it
(23:45 / Specific player) OMGGOONRUSH: k
(23:46 / 6) fineX.: i put a ward down, no shades
(24:21 / 6) fineX.: he expod
(24:25 / 6) fineX.: in bot left of mid
(24:35 / All) erz: fuc you
(25:07 / 6) fineX.: 3 destros a wyrm 3 fiends
(25:08 / 6) fineX.: lets attack
(25:18 / Specific player) OMGGOONRUSH: how?
(25:24 / Specific player) OMGGOONRUSH: also what do you have?
(25:27 / 6) fineX.: 12 bats
(25:31 / 6) fineX.: and a wd
(25:55 / Specific player) OMGGOONRUSH: dk
(28:28 / 6) fineX.: he expoed bottom left
(29:20 / All) fineX.: fuck you
(29:23 / All) fineX.: get away from my expo
(29:25 / All) erz: fuck you
(29:28 / All) erz: undead is so bad against towers
(29:36 / All) fineX.: you sick motherfucker
(30:25 / All) fineX.: i see that patrolling shades
(30:28 / All) fineX.: iwth mine own eye
(30:54 / All) fineX.: ps ur expo has only 4 acos
(31:01 / All) erz: ps ur a nigga
(31:08 / 6) fineX.: he expoed
(31:11 / 6) fineX.: bottom left od mis
(31:21 / 6) fineX.: we gotta take it down, im ready when u r
(31:36 / 6) fineX.: ps he got death and decay
(31:37 / All) erz: towering my expo
(31:38 / All) erz: what a jerk
(31:41 / Specific player) OMGGOONRUSH: we should hit noth expos
(31:43 / Specific player) OMGGOONRUSH: bith
(31:45 / Specific player) OMGGOONRUSH: both
(31:49 / 6) fineX.: bot left is down
(31:53 / 6) fineX.: this is his last
(31:54 / Specific player) OMGGOONRUSH: o
(32:04 / All) fineX.: fuck you im stuck in here now
(32:08 / 6) fineX.: im stuck
(32:10 / All) erz: rofl
(32:10 / 6) fineX.: inhis expo
(33:38 / Specific player) OMGGOONRUSH: can you bat his stuff?
(33:41 / 6) fineX.: yes
(33:44 / 6) fineX.: ready when u r
(33:54 / Specific player) OMGGOONRUSH: k
(33:55 / Specific player) OMGGOONRUSH: go
(34:30 / All) erz: fuckers
(34:33 / All) erz: totally teaming
(34:36 / All) fineX.: no
(34:50 / All) fineX.: i wait to attack till hes attacking
(35:03 / All) fineX.: cuz i aint no dum bum
(35:12 / All) fineX.: IM AN OPPORTUNIST
(35:22 / All) erz: doesnt change the fact
(35:29 / All) erz: u dont kill his shit
(35:33 / All) fineX.: i have been
(35:37 / All) erz: orly
(35:39 / All) fineX.: except now he has a bunch of towers
(35:43 / All) fineX.: with tru sight
(36:15 / All) fineX.: hmm think ill mas taur spirit walkers
(37:16 / All) fineX.: eat a dick fag
(37:20 / All) erz: gee great
(37:37 / All) fineX.: whers ur gold now
(37:38 / All) fineX.: nigger
(37:40 / All) fineX.: whers ur gold now
(38:26 / All) fineX.: i used my 10k gold suprisingly quickly
(38:56 / All) fineX.: fuck off homo sucker
(39:18 / All) fineX.: fuck you
(39:23 / All) fineX.: in the ass
(40:06 / 6) fineX.: hes at my newest expo
(40:08 / 6) fineX.: lets kill him
(40:16 / 6) fineX.: top right of mid
(40:41 / All) erz: right no teaming
(40:49 / All) fineX.: i just wanna kill that fucing lich
(40:51 / All) erz: u niggas are discusting
(40:56 / All) erz: eat 500 dicks
(42:10 / All) fineX.: fuck off gayman
(42:23 / All) fineX.: im making raiders with lightning orbs
(44:40 / All) fineX.: does lightning orb not work on units :<
(46:10 / All) fineX.: hey faggot
(46:17 / All) fineX.: whats better than raiders
(46:32 / All) fineX.: raiders with
(46:35 / All) fineX.: lightning orbs
(46:39 / All) OMGGOONRUSH: lasers?
(47:23 / All) fineX.: RAIDERS RETREAT
(48:03 / All) fineX.: hey
(48:07 / All) fineX.: whats better than raiders with lightning orbs
(48:34 / All) fineX.: look at my bms inventory
(48:50 / All) fineX.: well
(48:53 / All) erz: moral victory
(48:54 / All) erz: gg
(48:56 / All) fineX.: bm with 5 lightning orbs is the answer
(48:58 / All) fineX.: sweet
(49:00 / All) fineX.: i win
(49:07 / All) OMGGOONRUSH: damn he is good
(49:23 / All) fineX.: he fell to peace and bs in the end